 Dungeon Crawl Stone Soup version 0.30-a0-125-g51eefa89be (webtiles) character file.

Game seed: 4617222861629440463

71 funkygono the Firebug (level 4, -8/24 HPs)
             Began as a Gargoyle Fire Elementalist on Sept 18, 2022.
             Mangled by a gnoll
             ... wielding a +0 flail
              (9 damage)
             ... on level 3 of the Dungeon.
             The game lasted 00:02:24 (1700 turns).

funkygono the Firebug (Gargoyle Fire Elementalist)  Turns: 1700, Time: 00:02:24

Health: -8/24      AC:  5    Str: 11    XL:     4   Next: 24%
Magic:  0/8        EV: 12    Int: 18    God:
Gold:   82         SH:  0    Dex: 10    Spells: 2/8 levels left

rFire   . . .      SeeInvis .    n - +0 whip
rCold   . . .      Faith    .    (no shield)
rNeg    + . .      Spirit   .    a - +0 robe
rPois   ∞          Reflect  .    (no helmet)
rElec   +          Harm     .    (no cloak)
rCorr   .          Rampage  .    (no gloves)
Will    .....                    (no boots)
Stlth   ++........               (no amulet)
HPRegen 0.08/turn                (no ring)
MPRegen 0.11/turn                (no ring)

@: very slightly contaminated
A: sickness immunity, AC +3, negative energy resistance 1, electricity
resistance, torment resistance 1, petrification resistance
a: no special abilities


You were on level 3 of the Dungeon.
You visited 1 branch of the dungeon, and saw 3 of its levels.

You collected 82 gold pieces.

Inventory:

Hand Weapons
 n - a +0 whip (weapon)
Armour
 a - a +0 robe (worn)
Wands
 q - a wand of flame (28)
Scrolls
 c - a scroll of noise {unknown}
 d - 2 scrolls of enchant weapon {unknown}
 f - a scroll of torment {unknown}
 h - a scroll of vulnerability {unknown}
 i - a scroll of amnesia {unknown}
 j - 2 scrolls of identify {unknown}
 m - 2 scrolls of blinking {unknown}
 p - a scroll of summoning {unknown}
Potions
 b - 2 potions of magic
 e - a potion of brilliance {unknown}
 g - a potion of mutation {unknown}
 k - a potion of flight {unknown}
 l - 2 potions of heal wounds {unknown}
 o - a potion of haste {unknown}


   Skills:
 + Level 0.3 Maces & Flails
 + Level 1.6 Dodging
 - Level 2.1 Stealth
 + Level 2.6 Spellcasting
 + Level 2.1 Conjurations
 + Level 3.9 Fire Magic


You had 2 spell levels left.
You knew the following spells:

 Your Spells              Type           Power      Damage    Failure   Level
a - Foxfire               Conj/Fire      52%        2x1d6     4%          1
b - Scorch                Fire           32%        2d7       4%          2
c - Inner Flame           Hex/Fire       9%         N/A       22%         3

Your spell library contained the following spells:

 Spells                   Type           Power      Damage    Failure   Level
 Summon Small Mammal      Summ           8%         N/A       17%         1
 Kindle Blastsparks       Fire/Tloc/Air  14%        2d11      30%         3
 Flame Wave               Conj/Fire      13%        2d6       43%         4
 Call Canine Familiar     Summ           2%         N/A       45%         3
 Summon Guardian Golem    Hex/Summ       2%         N/A       45%         3


Dungeon Overview and Level Annotations

Branches:
Dungeon (3/15)

Altars:
Fedhas


Innate Abilities, Weirdness & Mutations

You are immune to sickness and miasma.
Your stone body is resilient. (AC +3)
You are immune to poison.
You resist negative energy. (rN+)
You are resistant to electric shocks. (rElec)
You are resistant to unholy torment.
You are immune to petrification.


Message History

Your magical contamination has completely faded away.
You hit the endoplasm.
You kill the endoplasm!
You start resting.
A gnoll comes into view. It is wielding a +0 whip.
A gnoll comes into view. It is wielding a +0 halberd.
Casting: Foxfire (safe; 4% risk of failure)
Confirm with . or Enter, or press ? or * to list all spells.
You conjure some foxfire!
The gnoll shouts!
You hear a shout!
A gnoll comes into view. It is wielding a +0 flail.
The foxfire hits the gnoll.
The gnoll is lightly wounded.
The foxfire hits the gnoll.
The gnoll is moderately wounded.
Casting: Foxfire (safe; 4% risk of failure)
Confirm with . or Enter, or press ? or * to list all spells.
You conjure some foxfire!
The gnoll misses you.
The foxfire hits the gnoll.
The gnoll is heavily wounded.
The foxfire hits the gnoll.
The gnoll is heavily wounded.
A gnoll comes into view. It is wielding a +0 whip.
The gnoll hits you but does no damage.
You hit the gnoll.
The gnoll is heavily wounded.
You hear the slow rusting of a very distant drain.
The gnoll closely misses you. The gnoll hits you with a +0 flail.
The gnoll attacks as you move away! The gnoll barely misses you.
Casting: Foxfire (safe; 4% risk of failure)
Confirm with . or Enter, or press ? or * to list all spells.
You miscast Scorch.
You are very lightly contaminated with residual magic.
Nothing appears to happen.
The gnoll hits you from afar with a +0 halberd!
Ouch! That really hurt!
* * * LOW HITPOINT WARNING * * *
The gnoll hits you with a +0 flail!
You die...

.# #..# #.# .# #..#
#.# .## #..# #.# ..#
#..# #.# .)#####..#
#.#####
.....##..#####.....#
.................#.#
..##.##......###.#
..##.##...##.# #@#
..##.#.###.#$# #g#
##### #......
#.#.###g#......
....... #.....)....#
###.### .####.#g####
#. #.#g# # #.# #.#
(..


You could see 4 gnolls.

Vanquished Creatures
  Jessica (D:3)
  An adder (D:2)
  2 dart slugs
  4 ball pythons (D:2)
  4 endoplasms
  3 giant cockroaches
  3 goblins
  3 hobgoblins
  2 kobolds
  2 quokkas
  3 bats
  A frilled lizard (D:2)
  A rat (D:2)
30 creatures vanquished.

Vanquished Creatures (others)
  76 foxfires
76 creatures vanquished.

Grand Total: 106 creatures vanquished

Notes
Turn   | Place    | Note
-------+----------+-------------------------------------------
     0 | D:1      | funkygono the Gargoyle Fire Elementalist began the quest
                  | for the Orb.
     0 | D:1      | Reached XP level 1. HP: 10/10 MP: 3/3
   227 | D:1      | Found a faded altar of an unknown god.
   237 | D:1      | Reached XP level 2. HP: 7/15 MP: 0/5
   240 | D:1      | Learned a level 2 spell: Scorch
  1051 | D:2      | Found a blossoming altar of Fedhas.
  1213 | D:2      | Reached XP level 3. HP: 19/19 MP: 3/6
  1217 | D:2      | Learned a level 3 spell: Inner Flame
  1665 | D:3      | Noticed Jessica
  1673 | D:3      | Killed Jessica
  1674 | D:3      | Reached XP level 4. HP: 22/24 MP: 2/8
  1700 | D:3      | HP: 1/24 [gnoll/+0 halberd (15)]
  1700 | D:3      | Mangled by a gnoll

Illustrated notes

Levels and vault maps discovered:
D:1:      shiori_arrival_elements, layout_rooms,
          hellmonk_ecumenical_altar_slurped_away
D:2:      layout_rooms, basic_altar
D:3:      layout_loops_ring, cheibrodos_sewer_entry_bend, uniq_jessica

Skill      XL: |  1  2  3 |
---------------+----------+-----
Conjurations   | 2 |  2.1
Maces & Flails | |  0.3
Dodging        | |  1.6
Stealth        | |  2.1
Spellcasting   | |  2.6
Fire Magic     | |  3.9

Action                   |  1- 3 |  4- 6 || total
-------------------------+-------+-------++-------
Melee: Unarmed           |     2 |       ||     2
       Whip              |     8 |     3 ||    11
 Cast: Foxfire           |    43 |     3 ||    46
       Scorch            |     1 |       ||     1
Armor: Robe              |     1 |     1 ||     2
Dodge: Dodged            |     6 |     3 ||     9

Table legend: (Time is in decaauts)
 A = Elapsed time spent in this place.
 B = Non-inter-level travel time spent in this place.
 C = Inter-level travel time spent in this place.
 D = Time resting spent in this place.
 E = Time spent auto-exploring this place.
 F = Levels seen in this place.
 G = Mean time per level.
                   A        B        C        D        E       F      G
               +--------+--------+--------+--------+--------+-----+--------+
         Total |   1699 |   1654 |     45 |     96 |   1335 |   3 |  566.3 |
       Dungeon |   1699 |   1654 |     45 |     96 |   1335 |   3 |  566.3 |
               +--------+--------+--------+--------+--------+-----+--------+

Top non-repeatable levels by time:
     D:1: 936 daAuts
     D:2: 658 daAuts
     D:3: 104 daAuts
